 Dungeon Crawl Stone Soup version 0.21.1-1-g345015f (webtiles) character file.

42 lotte the Chopper (level 3, -3/34 HPs)
             Began as a Deep Dwarf Berserker on June 24, 2018.
             Was a Believer of Trog.
             Slain by a hornet (9 damage)
             ... on level 2 of the Dungeon.
             The game lasted 00:08:41 (1405 turns).

lotte the Chopper (Deep Dwarf Berserker)            Turns: 1405, Time: 00:08:41

Health: -3/34      AC: 11    Str: 21    XL:     3   Next: 35%
Magic:  3/3        EV: 11    Int:  7    God:    Trog [**....]
Gold:   12         SH:  0    Dex: 12    Spells: 2/2 levels left

rFire    . . .     SeeInvis .   a - +0 hand axe
rCold    . . .     Gourm    .   (no shield)
rNeg     . . .     Faith    +   e - +0 chain mail
rPois    .         Spirit   .   (no helmet)
rElec    .         Reflect  .   (no cloak)
rCorr    .         Harm     .   (no gloves)
MR       .....                  (no boots)
Stlth    ..........             j - amulet of faith
HPRegen  0.00/turn              d - +3 ring of evasion
MPRegen  0.08/turn              g - +3 ring of protection

@: lethally poisoned (-3 -> -3), non-regenerating, slowed, very slow
A: damage resistance, heal wounds, sense surroundings 1, no regeneration
a: Heal Wounds, Berserk, Trog's Hand, Burn Spellbooks, Renounce Religion


You were on level 2 of the Dungeon.
You worshipped Trog.
Trog was pleased with you.
You were near starving.

You visited 1 branch of the dungeon, and saw 2 of its levels.

You collected 12 gold pieces.

Inventory:

Hand Weapons
 a - a +0 hand axe (weapon)
Armour
 b - a +0 animal skin
 e - a +0 chain mail (worn)
Jewellery
 d - a +3 ring of evasion (left hand)
 g - a +3 ring of protection (right hand)
 j - an amulet of faith (around neck)
Scrolls
 f - a scroll of fear {unknown}
 h - a scroll of identify {unknown}
 i - a scroll of remove curse
 l - a scroll of blinking {unknown}
Potions
 k - a potion of cancellation {unknown}
 m - a potion of heal wounds {unknown}
 n - a potion of lignification {unknown}
Comestibles
 c - 2 rations


   Skills:
 + Level 3.2 Fighting
 + Level 4.1 Axes
 + Level 2.5 Armour
 - Level 2.2 Dodging


You had 2 spell levels left.
You didn't know any spells.

Dungeon Overview and Level Annotations

Branches:
Dungeon (2/15)

Altars:

Annotations:
D:2 Terence


Innate Abilities, Weirdness & Mutations

You are resistant to damage.
You can heal yourself by infusing magical energy.
You passively map a small area around you.
You do not regenerate.


Message History

You suddenly lose the ability to move!
The hornet stings you but does no damage.
The goblin hits you but does no damage.
You can move again.
You climb downwards.
Level annotation: Terence
There is a stone staircase leading up, spattered with blood here.
You hit the goblin.
You kill the goblin!
Trog accepts your kill.
You hit the hornet. The hornet barely misses you. The hornet stings you!
* * * LOW HITPOINT WARNING * * *
You feel as though you will be slow longer.
The hornet stings you.
You are more poisoned.
You feel as though you will be slow longer.
Your skin stops crawling.
You feel less resistant to hostile enchantments.
The hornet stings you!
You die...

.......
##.......
#........
* * *
#........
* ,,,
#......#
+......#
,#).....#
,#@..(..#
* *
#.y....#
,#......#
,#.#+####
* #.. , *
,### * *
, ,,,, *
** * * ,
, ,


You could see a hornet.

Vanquished Creatures
  An ooze (D:1)
  2 leopard geckos (D:1)
  A bat (D:1)
  2 giant cockroaches (D:1)
  5 goblins
  8 hobgoblins
  3 kobolds
  A quokka (D:2)
  A ball python (D:1)
  A frilled lizard (D:1)
  6 rats
31 creatures vanquished.

Notes
Turn   | Place    | Note
-------+----------+-------------------------------------------
     0 | D:1      | lotte the Deep Dwarf Berserker began the quest for the Orb.
     0 | D:1      | Reached XP level 1. HP: 20/20 MP: 1/1
   173 | D:1      | Reached XP level 2. HP: 22/27 MP: 2/2
   536 | D:1      | Reached skill level 4 in Axes
   536 | D:1      | Reached XP level 3. HP: 27/34 MP: 3/3
   622 | D:1      | Reached ** piety under Trog
  1198 | D:2      | Noticed Terence
  1394 | D:2      | Noticed a hornet
  1401 | D:1      | Paralysed by a hornet for 2 turns
  1405 | D:2      | Slain by a hornet

Skill      XL: |  1  2 |
---------------+-------+-----
Fighting       | 3 |  3.2
Axes           | 4 |  4.1
Armour         | |  2.5
Dodging        | |  2.2

Action                   || total
-------------------------++-------
Melee: Hand axe          ||    97
Invok: Trog's Hand       ||     1
  Use: Scroll            ||     1
Armor: Chain mail        ||    49
Dodge: Dodged            ||    63
